 Dungeon Crawl Stone Soup version 0.17-a0-995-gb5fa8d7 (webtiles) character file.

73 oplop the Firebug (level 4, -3/26 HPs)
             Began as a Tengu Fire Elementalist on May 12, 2015.
             Slain by Robin
             ... wielding a cursed -1 club
              (4 damage)
             ... on level 3 of the Dungeon.
             The game lasted 00:04:15 (2281 turns).

oplop the Firebug (Tengu Fire Elementalist)         Turns: 2281, Time: 00:04:15

Health: -3/26      AC:  2    Str: 13    XL:     4   Next: 27%
Magic:  2/8        EV: 18    Int: 21    God:
Gold:   56         SH:  0    Dex: 20    Spells: 3 memorised, 1 level left

rFire  . . .     SeeInvis .     d - +0 dagger
rCold  . . .     Clarity  .     a - +0 robe
rNeg   . . .     SustAb   .     (no shield)
rPois  .         Gourm    .     (helmet restricted)
rElec  .         Spirit   .     (no cloak)
rCorr  .         Warding  .     (no gloves)
rMut   .         Stasis   .     (boots unavailable)
MR     .....                    (no amulet)
Stlth  +++.......               (no ring)
                                (no ring)

@: mighty, brilliant, agile, lethally poisoned (-3 -> -11), very slightly
contaminated, hasted, very quick, not resistant to hostile enchantments, fairly
stealthy
A: beak, talons 3
a: no special abilities


You were on level 3 of the Dungeon.
You were not hungry.

You visited 1 branch of the dungeon, and saw 3 of its levels.

You collected 56 gold pieces.

Inventory:

Hand weapons
 d - a +0 dagger (weapon)
Armour
 a - a +0 robe (worn)
Jewellery
 n - an uncursed ring of ice
Scrolls
 l - a scroll of magic mapping {unknown}
Potions
 g - a potion of brilliance
 m - a potion of haste
Books
 b - a book of Flames

   Spells                             Type                      Level
   a - Flame Tongue                   Conjuration/Fire             1
   b - Throw Flame                    Conjuration/Fire             2
   c - Conjure Flame                  Conjuration/Fire             3
   d - Inner Flame                    Hexes/Fire                   3
   e - Sticky Flame                   Conjuration/Fire             4
   f - Fireball                       Conjuration/Fire             5
Comestibles
 c - a bread ration
 k - a slice of pizza


   Skills:
 + Level 1.7 Fighting
 - Level 2.1 Dodging
 - Level 2.0 Stealth
 + Level 2.5 Spellcasting
 + Level 2.8 Conjurations
 + Level 4.0 Fire Magic


You had one spell level left.
You knew the following spells:

 Your Spells              Type           Power        Failure   Level  Hunger
a - Flame Tongue          Conj/Fire      ####.        1%          1    None
b - Conjure Flame         Conj/Fire      ####....     1%          3    ###....
c - Inner Flame           Hex/Fire       ###.....     2%          3    ###....


Dungeon Overview and Level Annotations

Branches:
Dungeon (3/15)

Altars:
Ashenzari
Qazlal

Annotations:
D:3 Robin


Innate Abilities, Weirdness & Mutations

You have a beak for a mouth.
You have claws for feet.


Message History

You are lethally poisoned!
* * * LOW HITPOINT WARNING * * *
You feel sick.
Drink which item? (? for menu, Esc to quit)
It was a potion of haste.
You feel yourself speed up.
* * * LOW HITPOINT WARNING * * *
You feel sick. The goblin barely misses you.
You are very lightly contaminated with residual magic.
Drink which item? (? for menu, Esc to quit)
It was a potion of agility.
You feel agile all of a sudden.
Drink which item? (? for menu, Esc to quit)
It was a potion of might.
You feel very mighty all of a sudden.
* * * LOW HITPOINT WARNING * * *
You feel sick. The goblin closely misses you.
You closely miss the goblin. You claw the goblin.
You kill the goblin!
Something hits you.
You die...

##...((.## #...((<..#
#.....(..# #....(...#
#.....(..# #########
#..!..>..### ##........
##....)....####.........
......(.##...#..).......
.######..###.#.#@.......
. ##.###{g(#########
.### #.#†.....#
.!..####.)(####.# .
#..(..g)## ..#
##g...##)## #..#
...##.##..# #..# ###
#.###.# #.# #.# .# .#


There were no monsters in sight!

Vanquished Creatures
  A gnoll (D:1)
  2 adders
  A worm (D:2)
  3 bats
  3 giant cockroaches (D:2)
  5 hobgoblins
  4 jackals
  7 kobolds
  2 giant newts
  9 goblins
  5 rats
42 creatures vanquished.

Notes
Turn   | Place    | Note
--------------------------------------------------------------
     0 | D:1      | oplop the Tengu Fire Elementalist began the quest for the Orb.
     0 | D:1      | Reached XP level 1. HP: 10/10 MP: 4/4
   138 | D:1      | Reached XP level 2. HP: 4/16 MP: 3/6
   519 | D:1      | Reached skill level 1 in Fighting
  1098 | D:2      | Reached XP level 3. HP: 20/20 MP: 4/7
  1147 | D:2      | Found a stormy altar of Qazlal.
  1153 | D:2      | Found a shattered altar of Ashenzari.
  1736 | D:3      | Noticed Robin
  1952 | D:3      | Reached skill level 4 in Fire Magic
  1952 | D:3      | Reached XP level 4. HP: 24/26 MP: 5/8
  2146 | D:2      | Learned a level 3 spell: Conjure Flame
  2150 | D:2      | Learned a level 3 spell: Inner Flame
  2280 | D:3      | HP: 1/26 [poison (a potion of poison)]
  2281 | D:3      | Slain by Robin

Vault maps used:
D:1:      minmay_arrival_four_loops, fountainhead
D:2:      lemuel_crystal_altar, nicolae_overflow_hidden_temple
D:3:      trog_eyes_of_draining, minmay_misc_feat_encased, uniq_robin

Action                   |  1- 3 |  4- 6 || total
-------------------------+-------+-------++-------
Melee: Dagger            |    64 |     8 ||    72
       Unarmed           |     1 |       ||     1
 Cast: Flame Tongue      |    38 |    11 ||    49
  Use: Potion            |       |     5 ||     5
       Scroll            |       |     3 ||     3
 Stab: Sleeping          |     2 |       ||     2
  Eat: Chunk             |     3 |       ||     3
       Meat ration       |     1 |       ||     1
